 Dungeon Crawl Stone Soup version 0.28-a0-862-g58c29a6370 (webtiles) character file.

Game seed: 2609436439216776183

51 Peloso the Covered (level 3, 0/33 HPs)
             Began as a Minotaur Fighter on Nov 16, 2021.
             Succumbed to a goblin's poison
             ... on level 1 of the Dungeon.
             The game lasted 00:03:09 (1362 turns).

Peloso the Covered (Minotaur Fighter)               Turns: 1362, Time: 00:03:09

Health: 0/33       AC:  7    Str: 20    XL:     3   Next: 58%
Magic:  2/2        EV:  9    Int:  5    God:
Gold:   25         SH:  4    Dex: 10    Spells: 2/2 levels left

rFire   . . .      SeeInvis .   a - +1 long sword
rCold   . . .      Faith    .   c - +0 buckler
rNeg    . . .      Spirit   .   f - +0 scale mail
rPois   .          Reflect  .   (helmet restricted)
rElec   .          Harm     .   (no cloak)
rCorr   .          Rampage  .   (no gloves)
Will    .....                   (no boots)
Stlth   ..........              (no amulet)
HPRegen 0.11/turn               (no ring)
MPRegen 0.08/turn               (no ring)

@: mighty, lethally poisoned (0 -> -1)
A: horns 2, retaliatory headbutt
a: no special abilities


You were on level 1 of the Dungeon.
You visited 1 branch of the dungeon, and saw 2 of its levels.

You collected 25 gold pieces.

Inventory:

Hand Weapons
 a - a +1 long sword (weapon)
 b - a +2 dagger of freezing
Armour
 c - a +0 buckler (worn)
 f - a +0 scale mail (worn)


   Skills:
 + Level 4.0 Fighting
 + Level 3.0 Long Blades
 + Level 4.4 Armour
 + Level 0.4 Dodging
 + Level 4.2 Shields


You had 2 spell levels left.
You didn't know any spells.
Your spell library was empty.

Dungeon Overview and Level Annotations

Branches:
Dungeon (2/15)

Altars:

Annotations:
D:2 Robin


Innate Abilities, Weirdness & Mutations

You have a pair of horns on your head.
You reflexively headbutt those who attack you in melee.


Message History

You are lethally poisoned!
You climb upwards.
You feel extremely sick.
There is a stone staircase leading down here.
You feel better. The goblin hits you but does no damage.
The goblin hits you with a +2 dagger of venom.
You are poisoned.
You block the goblin's attack.
You feel sick.
The goblin hits you with a +2 dagger of venom.
You are more poisoned.
Things that are here:
a +0 dagger; a goblin corpse; a hobgoblin corpse You feel very sick.
You closely miss the goblin. Your headbutt misses the goblin.
You feel very sick. The goblin hits you but does no damage.
You block the goblin's attack.
You closely miss the goblin. Your headbutt misses the goblin.
You feel very sick. The goblin closely misses you.
You barely miss the goblin. Your headbutt misses the goblin.
You feel sick. The goblin hits you with a +0 club.
You hit the goblin.
The goblin is severely wounded.
You feel sick. You block the goblin's attack.
You closely miss the goblin.
The goblin is severely wounded.
You feel sick. The goblin hits you with a +0 club.
* * * LOW HITPOINT WARNING * * *
* * * LOW HITPOINT WARNING * * *
You feel sick. The goblin hits you with a +0 club.
* * * LOW HITPOINT WARNING * * *
Okay, then.
You feel very mighty all of a sudden.
* * * LOW HITPOINT WARNING * * *
You feel sick. The goblin hits you but does no damage.
Unknown command.
You closely miss the goblin.
The goblin is severely wounded.
You die...

#....# #.......[......#.#
#####....###.####.#########.#
#...'....'...# #.#########.#
#.###....##### #.##......#.#
#.# #....########.##.####.#.#
#.#######.........##.# #.#.#
#...........)...#.##.#
#.#'###
#..######'#####.#.##.#
#.....# #..#
#.....ggg@......# #.....#
#..# #.....)###.######
#†....# #..# #......# #.#
#.....# #..######'#.# #.#
#)#'### #.†#......#.# #.#
#.#.# #......##...# #.# #.#.#
###.##.#.##.### #.# #(#.#
#....#.#.##)#####.# #.#.#
#.#..#.#.#........# #.#.#


You could see 3 goblins.

Vanquished Creatures
  2 worms (D:1)
  A ball python (D:1)
  4 endoplasms (D:1)
  A giant cockroach (D:1)
  7 goblins
  7 hobgoblins
  3 jackals (D:1)
  A kobold (D:1)
  4 quokkas (D:1)
  4 bats (D:1)
  2 frilled lizards (D:1)
  3 rats (D:1)
39 creatures vanquished.

Notes
Turn   | Place    | Note
-------+----------+-------------------------------------------
     0 | D:1      | Peloso the Minotaur Fighter began the quest for the Orb.
     0 | D:1      | Reached XP level 1. HP: 19/19 MP: 0/0
   235 | D:1      | Reached XP level 2. HP: 27/27 MP: 1/1
   405 | D:1      | Found a faded altar of an unknown god.
   662 | D:1      | Reached XP level 3. HP: 32/33 MP: 2/2
  1325 | D:2      | Noticed Robin
  1360 | D:1      | HP: 1/33 [goblin[Robin] (1)]
  1362 | D:1      | Succumbed to a goblin's poison

Illustrated notes

Levels and vault maps discovered:
D:1:      onia_arrival_mini_maze_b, layout_basic,
          dreamdust_ecumenical_altar_hidden_monk_grotto
D:2:      layout_rooms, uniq_terence, uniq_robin

Skill      XL: |  1  2  3 |
---------------+----------+-----
Armour         | 4 |  4.4
Shields        | 4 |  4.2
Fighting       | 4 |  4.0
Long Blades    | 3 |  3.0
Dodging        | |  0.4

Action                   || total
-------------------------++-------
Melee: Long sword        ||    82
       Headbutt          ||    11
  Use: Scroll            ||     4
       Potion            ||     3
Armor: Scale mail        ||    43
Dodge: Dodged            ||    54
Block: Buckler           ||    21

Table legend: (Time is in decaauts)
 A = Elapsed time spent in this place.
 B = Non-inter-level travel time spent in this place.
 C = Inter-level travel time spent in this place.
 D = Time resting spent in this place.
 E = Time spent auto-exploring this place.
 F = Levels seen in this place.
 G = Mean time per level.
                   A        B        C        D        E       F      G
               +--------+--------+--------+--------+--------+-----+--------+
         Total |   1387 |   1307 |     80 |     79 |    864 |   2 |  693.5 |
       Dungeon |   1387 |   1307 |     80 |     79 |    864 |   2 |  693.5 |
               +--------+--------+--------+--------+--------+-----+--------+

Top non-repeatable levels by time:
     D:1: 1370 daAuts
     D:2: 16 daAuts
